Map: Vallée des cactus EC

Players

Effecto - Winner!

  • Race: Terran Terran

AgCl

  • Race: Protoss Protoss

VOD

Have the link to the VOD?

Description

Time

  • Played on: May 6, 2015, 6:06 p.m.
  • Length: 9:18
Show
View Real Time Build Order
Export as new Build Order

Effecto Terran - Winner!

Build Orders: Reaper Expand, MMM Bio 

Get SALT Encoding   

  12  0:01  SCV  
  13  0:13  Supply Depot  
  13  0:17  SCV  
  14  0:29  SCV  
  15  0:36  Barracks  
  15  0:43  SCV  
  15  0:47  Refinery  
  16  0:55  SCV  
  17  1:07  SCV  
  18  1:22  Orbital Command  
  18  1:29  Reaper  
  19  1:44  Command Center  
  19  1:49  SCV  
  20  2:02  Barracks Reactor  
  20  2:05  SCV  
  21  2:18  SCV  
  21  2:19  Barracks  
  21  2:22  Bunker  
  22  2:34  SCV  
  23  2:45  Supply Depot  
  23  2:49  Marine  
  23  3:07  SCV, Marine x2  
  25  3:21  SCV  
  25  3:23  Barracks Tech Lab  
  25  3:25  Marine x2  
  26  3:38  SCV  
  26  3:40  Supply Depot  
  27  3:43  Marine  
  27  3:44  Marine x2  
  27  3:46  Concussive Shells  
  30  3:50  SCV  
  31  3:56  Supply Depot  
  31  3:59  Engineering Bay  
  31  4:02  Marauder  
  33  4:03  Supply Depot  
  33  4:06  SCV  
  33  4:07  Orbital Command  
  34  4:12  Marine x2  
  36  4:20  Supply Depot  
  36  4:23  Marauder  
  38  4:29  SCV  
  38  4:30  Stimpack  
  37  4:33  Missile Turret  
  37  4:35  Missile Turret  
  36  4:41  SCV  
  36  4:42  SCV  
  36  4:45  Marine x2  
  38  4:52  Missile Turret  
  40  4:53  SCV  
  40  4:58  Marauder  
  43  5:01  SCV  
  43  5:03  Marine x2  
  43  5:06  SCV  
  47  5:10  Factory  
  47  5:11  Refinery  
  47  5:13  Terran Infantry Weapons Level 1  
  47  5:16  SCV  
  47  5:18  SCV  
  49  5:24  Marine x3  
  53  5:28  SCV  
  53  5:30  SCV  
  54  5:42  Marine x2  
  54  5:52  SCV  
  54  5:53  SCV  
  54  5:54  Marine  
  55  6:00  Factory Reactor, Marine  
  55  6:01  Barracks x2  
  51  6:05  Starport  
  48  6:16  SCV x2  
  43  6:19  Refinery  
  43  6:20  Refinery  
  43  6:21  Marine x3  
  44  6:30  SCV x2, Combat Shields  
  46  6:38  Widow Mine x2  
  50  6:41  Viking  
  50  6:45  Missile Turret  
  50  6:46  Missile Turret  
  52  6:47  Missile Turret  
  52  6:50  Barracks Reactor x2  
  52  6:52  Marine x3  
  55  6:58  SCV x2  
  57  7:09  Command Center  
  57  7:10  SCV  
  58  7:18  Marine  
  58  7:19  Marine x2  
  58  7:20  Starport Reactor  
  58  7:21  Widow Mine x2  
  65  7:26  Marine x3  
  65  7:27  Armory, Marine  
  69  7:32  Supply Depot  
  69  7:38  Marine x3  
  72  7:44  Marine  
  72  7:50  Widow Mine x2  
  77  7:55  Marine x3  
  77  7:56  Marine  
  81  7:58  Medivac x2  
  81  8:05  SCV x2  
  87  8:06  Supply Depot  
  87  8:08  Supply Depot  
  87  8:09  Marine x2  
  87  8:10  Marine  
  90  8:13  Marine  
  86  8:24  Marine x3  
  86  8:26  Widow Mine  
  89  8:27  Marine  
  89  8:31  Medivac x2  
  96  8:45  Barracks  
  96  8:46  Barracks  
  96  8:47  Orbital Command  
  96  8:50  SCV  
  96  8:53  SCV  
  98  8:56  Marine  
  99  9:02  SCV  
Show
View Real Time Build Order
Export as new Build Order

AgCl Protoss 

Build Orders: Oracle Opening, Oracle Opening, Carrier Rush 

Get SALT Encoding   

  12  0:03  Probe  
  13  0:22  Probe  
  13  0:26  Assimilator  
  14  0:29  Pylon  
  14  0:50  Probe (Chrono Boost)  
  14  0:54  Gateway  
  15  1:02  Probe (Chrono Boost)  
  16  1:06  Pylon  
  16  1:10  Probe (Chrono Boost)  
  17  1:19  Probe  
  18  1:32  Probe  
  19  1:39  Assimilator  
  19  1:44  Probe  
  19  1:45  Cybernetics Core  
  20  1:47  Zealot (Chrono Boost)  
  22  1:56  Probe  
  23  2:08  Probe (Chrono Boost)  
  23  2:20  Probe (Chrono Boost)  
  23  2:22  Stargate  
  24  2:25  Adept (Chrono Boost)  
  24  2:27  Probe (Chrono Boost)  
  27  2:30  Warp Gate  
  27  2:37  Mothership Core (Chrono Boost)  
  29  2:58  Probe (Chrono Boost)  
  30  3:13  Pylon  
  30  3:16  Probe  
  29  3:28  Probe  
  29  3:31  Adept, Oracle  
  33  3:50  Nexus  
  33  3:54  Fleet Beacon, Pylon  
  33  3:55  Probe  
  34  4:07  Probe (Chrono Boost)  
  34  4:08  Assimilator  
  35  4:19  Probe (Chrono Boost)  
  36  4:27  Probe (Chrono Boost)  
  37  4:36  Probe, Carrier (Chrono Boost)  
  38  4:48  Probe  
  39  4:53  Assimilator  
  45  5:00  Probe (Chrono Boost)  
  45  5:03  Probe (Chrono Boost)  
  47  5:11  Probe (Chrono Boost)  
  47  5:13  Probe (Chrono Boost)  
  49  5:14  Graviton Catapult  
  49  5:17  Twilight Council  
  49  5:19  Probe (Chrono Boost)  
  49  5:20  Probe (Chrono Boost)  
  51  5:32  Probe (Chrono Boost)  
  51  5:35  Probe (Chrono Boost)  
  53  5:39  Probe (Chrono Boost)  
  53  5:41  Probe (Chrono Boost)  
  54  5:53  Probe (Chrono Boost)  
  54  5:55  Probe (Chrono Boost)  
  53  6:02  Adept  
  55  6:09  Probe (Chrono Boost)  
  53  6:12  Carrier (Chrono Boost)  
  53  6:14  Probe (Chrono Boost)  
  53  6:18  Probe (Chrono Boost)  
  49  6:27  Mothership Core (Chrono Boost)  
  49  6:30  Probe (Chrono Boost)  
  52  6:34  Nexus  
  52  6:36  Charge  
  52  6:37  Pylon  
  59  6:40  Templar Archives, Probe (Chrono Boost)  
  59  6:43  Probe (Chrono Boost)  
  60  6:50  Protoss Air Weapons Level 1 (Chrono Boost)  
  60  6:51  Gateway  
  60  6:55  Probe  
  60  7:01  Probe, Assimilator  
  62  7:09  Probe  
  62  7:13  Probe, Pylon  
  64  7:20  Carrier (Chrono Boost)  
  64  7:21  Probe  
  65  7:23  Pylon  
  65  7:25  Probe  
  66  7:31  Psionic Storm  
  66  7:32  Assimilator  
  66  7:33  Probe  
  73  7:37  Probe  
  74  7:45  Probe (Chrono Boost)  
  75  7:54  Forge  
  75  7:55  Pylon  
  75  7:57  Probe (Chrono Boost)  
  78  7:59  Probe (Chrono Boost)  
  78  8:00  Probe (Chrono Boost)  
  78  8:05  Probe (Chrono Boost)  
  80  8:06  Probe (Chrono Boost)  
  80  8:09  Probe  
  81  8:15  Probe  
  82  8:25  Probe  
  83  8:27  Probe  
  84  8:42  Probe  
  85  8:58  Probe (Chrono Boost)  
  85  9:00  Photon Cannon  
  88  9:04  Probe (Chrono Boost)  
  88  9:06  Probe (Chrono Boost)  
Tags
 
Add a new tag
Caveats
  • Supply blocks, unpowered buildings, or Contaminate may cause inaccurate times.
  • Supply counts are checked every 10 seconds.